 Dungeon Crawl Stone Soup version 0.31.0-32-g396128a36d (webtiles) character file.

Game seed: 9943119081011975565

39 monsoonserge the Changeling (level 3, -2/24 HPs)
             Began as an Octopode Shapeshifter on Apr 10, 2024.
             Killed by nerve-wracking pain
             ... invoked by an orc priest
              (3 damage)
             ... on level 3 of the Dungeon.
             The game lasted 00:03:19 (1825 turns).

monsoonserge the Changeling (Octopode Shapeshifter) Turns: 1825, Time: 00:03:20

Health: -2/24      AC:  1    Str: 15    XL:     3   Next: 47%
Magic:  3/3        EV: 13    Int: 12    God:
Gold:   73         SH:  0    Dex: 11    Spells: 2/2 levels left

rFire   . .          .
                       - Unarmed
rCold   . . .        (no shield)
rNeg    . . .        (helmet currently unavailable)
rPois   .            (no amulet)
rElec   .            (no ring)
rCorr   .            (no ring)
SInv    .            (no ring)
Will    .....        (no ring)
Stlth   +++          (no ring)
HPRegen 0.24/turn    (no ring)
MPRegen 0.08/turn    (no ring)
                     (no ring)

%: no passive effects
@: beast-form
A: beast (slay +1), almost no armour, amphibious, 8 rings, camouflage 1,
gelatinous body 1, (nimble swimmer 1), tentacles
a: Begin Untransformation


You were on level 3 of the Dungeon.
You were a hulking beast.
You visited 1 branch of the dungeon, and saw 3 of its levels.

You collected 73 gold pieces.

Inventory:

Missiles
 e - 14 poisoned darts (quivered)
 g - 5 javelins
Talismans
 b - a beast talisman
 c - a flux talisman
Scrolls
 d - a scroll of silence {unknown}
 f - 4 scrolls of identify
 h - a scroll of enchant weapon {unknown}
 i - a scroll of blinking {unknown}
Potions
 a - a potion of lignification
 j - a potion of brilliance {unknown}


   Skills:
 * Level 1.7 Fighting
 - Level 1.0 Throwing
 - Level 2.0 Dodging
 * Level 1.9 Stealth
 + Level 3.1 Unarmed Combat
 * Level 3.3 Shapeshifting


You had 2 spell levels left.
You didn't know any spells.
Your spell library contained the following spells:

 Spells                   Type           Power      Damage    Failure   Level
 Sting                    Conj/Alch      0%         1d3       32%         1
 Mercury Vapours          Alch/Air       0%         N/A       45%         2
 Dazzling Flash           Conj/Hex       0%         N/A       69%         3
 Volatile Blastmotes      Fire/Tloc      0%         2d10      69%         3
 Olgreb's Toxic Radiance  Alch           0%         N/A       97%         4
 Starburst                Conj/Fire      0%         6d3       100%        6
 Maxwell's Capacitive Co  Air            0%         ∞         100%        8


Dungeon Overview and Level Annotations

Branches:
Dungeon (3/15)

Altars:


Innate Abilities, Weirdness & Mutations

You are a hulking beast.
Your limbs bulge with bestial killing power. (Slay +1)
You cannot wear most types of armour.
You are amphibious.
You can wear up to eight rings at the same time.
Your skin changes colour to match your surroundings (Stealth+).
Your rubbery body absorbs attacks. (AC +1, EV +1)
((You are camouflaged when in or above water. (Stealth+)))
You have tentacles for arms and can constrict up to eight enemies at once.


Message History

Found a faded altar of an unknown god.
Found a leather armour.
A quokka comes into view.
There is a faded altar of an unknown god here.
This altar belongs to (a) Gozag, (b) Hepliaklqana or (c) Ashenzari, but you can't tell which.
Press the corresponding letter to learn more about a god, or press enter to convert or escape to cancel.
Okay, then.
There is an abandoned shop here.
This shop appears to be closed.
The quokka bites you.
You barely miss the quokka. Your grab misses the quokka.
You squeeze the quokka.
The quokka is moderately wounded.
The quokka barely misses you.
You barely miss the quokka. You grab the quokka.
The quokka is moderately wounded.
You constrict the quokka, but do no damage.
The quokka bites you.
You tentacle-slap the quokka.
The quokka is heavily wounded.
You constrict the quokka. The quokka bites you.
You tentacle-slap the quokka.
You kill the quokka!
There is a faded altar of an unknown god here.
This altar belongs to (a) Gozag, (b) Hepliaklqana or (c) Ashenzari, but you can't tell which.
Press the corresponding letter to learn more about a god, or press enter to convert or escape to cancel.
Okay, then.
An orc priest comes into view. It is wielding a +0 trident.
An orc wizard comes into view. It is wielding a +0 dagger.
The orc priest shouts!
You hear a shout!
The orc priest hits you from afar with a +0 trident!
An orc comes into view. It is wielding a +0 short sword.
The orc hits you with a +0 short sword. The orc wizard barely misses you.
The orc priest hits you with a +0 trident.
* * * LOW HITPOINT WARNING * * *
You tentacle-slap the orc priest but do no damage.
Your grab misses the orc priest. The orc hits you with a +0 short sword.
* * * LOW HITPOINT WARNING * * *
The orc wizard closely misses you.
The orc priest invokes the aid of Beogh against you.
Pain shoots through your body!
You die...

###### #.... .##.#.o.##
......oh.# ######o#.#
...#.# ######.#
#####.##### <......# ##
#.....# ########
.^#######.# ..# # ...
.#.#
#.#######.###.#.###.#.#
#............ #.....#.#


You could see an orc priest, an orc wizard and an orc.

Vanquished Creatures
  An adder (D:3)
  A dart slug (D:1)
  An orc (D:3)
  2 endoplasms
  A giant cockroach (D:1)
  2 hobgoblins (D:3)
  4 quokkas
  A ball python (D:1)
  3 bats
  3 frilled lizards
  3 goblins
  2 kobolds (D:1)
  4 rats
28 creatures vanquished.

Notes
Turn   | Place    | Note
-------+----------+-------------------------------------------
     0 | D:1      | monsoonserge the Octopode Shapeshifter began the quest for
                  | the Orb.
     0 | D:1      | Reached XP level 1. HP: 13/13 MP: 1/1
   580 | D:1      | Reached XP level 2. HP: 17/18 MP: 2/2
   607 | D:1      | Reached skill level 1 in Stealth
  1637 | D:3      | Reached XP level 3. HP: 23/23 MP: 3/3
  1668 | D:3      | Reached skill level 1 in Throwing
  1757 | D:3      | Found a faded altar of an unknown god.
  1825 | D:3      | HP: 1/24 [orc/+0 short sword (4)]
  1825 | D:3      | Killed from afar by an orc priest

Illustrated notes

Levels and vault maps discovered:
D:1:      tekkud_arrival_beachfront_property, layout_loops_corners,
          nicolae_titane
D:2:      layout_basic
D:3:      layout_basic, ebering_ecumenical_altar_abandoned

Skill      XL: |  1  2  3 |
---------------+----------+-----
Stealth        | 1 |  1.9
Throwing       | 1 |  1.0
Fighting       | |  1.7
Dodging        | |  2.0
Unarmed Combat | |  3.1
Shapeshifting  | |  3.3

Action                     || total
---------------------------++-------
  Melee: Unarmed           ||    55
         Constrict         ||    13
         Tentacles         ||     6
    Use: Scroll            ||     1
   Stab: Sleeping          ||     6
 Armour: Skin              ||    25
  Dodge: Dodged            ||    28
